 Dungeon Crawl Stone Soup version 0.27.1-2-g3b301248ec (webtiles) character file.

Game seed: 11556831335248862314

294 MajorAdolf the Conjurer (level 6, -3/49 (51) HPs)
             Began as a Naga Wanderer on Sept 30, 2021.
             Slain by a wight (5 damage)
             ... on level 4 of the Dungeon.
             The game lasted 00:05:39 (4045 turns).

MajorAdolf the Conjurer (Naga Wanderer)             Turns: 4045, Time: 00:05:40

HP:   -3/49 (51)    AC:  3    Str: 16    XL:     6   Next: 34%
MP:   4/10          EV:  9    Int: 18    God:
Gold: 63            SH:  0    Dex: 15    Spells: 4/10 levels left

rFire    + . .     SeeInvis +   x - +7 morningstar "Reari" {flame, rF+ Will+ Int+4}
rCold    . . .     Faith    .   (no shield)
rNeg     . . .     Spirit   .   g - +0 robe
rPois    +         Reflect  .   (no helmet)
rElec    .         Harm     .   (no cloak)
rCorr    .         Rampage  .   (no gloves)
Will     +....                  (no barding)
Stlth    ++........             (no amulet)
HPRegen  0.16/turn              d - +6 ring of dexterity
MPRegen  0.12/turn              (no ring)

@: brilliant, lightly drained, very slow
A: AC +2, large, see invisible, deformed body, poison resistance, slowness 2,
spit poison 1, naga tail 1
a: Spit Poison


You were on level 4 of the Dungeon.
You visited 1 branch of the dungeon, and saw 4 of its levels.

You collected 63 gold pieces.

Inventory:

Hand Weapons
 a - a +0 shortbow
 h - a +0 dagger
 q - a +0 whip of venom
 x - the +7 morningstar "Reari" (weapon) {flame, rF+ Will+ Int+4}
   (You took it off a goblin on level 4 of the Dungeon)

   It burns those it strikes, dealing additional fire damage.
   Int:       It affects your intelligence (+4).
   rF:        It protects you from fire.
   Will:      It increases your willpower.
Missiles
 c - 81 arrows
 k - 2 throwing nets
Armour
 b - a +2 scale mail
 g - a +0 robe (worn)
Jewellery
 d - a +6 ring of dexterity (left hand)
 t - a ring of ice
Scrolls
 m - a scroll of teleportation
 n - a scroll of identify {unknown}
 o - a scroll of enchant weapon {unknown}
 r - 2 scrolls of blinking {unknown}
Potions
 e - 2 potions of brilliance
 f - 2 potions of haste {unknown}
 i - a potion of magic {unknown}
 j - 2 potions of degeneration {unknown}
 l - a potion of flight {unknown}
 p - a potion of cancellation {unknown}
 s - a potion of resistance {unknown}
 u - a potion of curing {unknown}
 v - 2 potions of invisibility {unknown}
 w - a potion of heal wounds {unknown}


   Skills:
 - Level 1.0 Fighting
 - Level 3.0 Axes
 - Level 1.7 Bows
 - Level 1.0 Throwing
 - Level 2.6 Armour
 - Level 1.5 Stealth
 + Level 2.7 Spellcasting
 + Level 3.1 Conjurations
 + Level 3.1 Hexes


You had 4 spell levels left.
You knew the following spells:

 Your Spells              Type           Power      Damage    Failure   Level
a - Fulminant Prism       Conj/Hex       10%        3d9       41%         4
b - Searing Ray           Conj           40%        3d4       7%          2

Your spell library contained the following spells:

 Spells                   Type           Power      Damage    Failure   Level
 Magic Dart               Conj           80%        1d7       4%          1
 Sting                    Tmut/Pois      12%        1d3       17%         1
 Poisonous Vapours        Pois/Air       6%         N/A       26%         2
 Olgreb's Toxic Radiance  Pois           3%         N/A       86%         4
 Summon Mana Viper        Hex/Summ       12%        N/A       94%         5
 Simulacrum               Ice/Necr       1%         N/A       100%        6
 Polar Vortex             Ice            1%         N/A       100%        9


Dungeon Overview and Level Annotations

Branches:
Dungeon (4/15)
 Temple: D:4-7

Altars:


Innate Abilities, Weirdness & Mutations

Your serpentine skin is tough. (AC +2)
You have supernaturally acute eyesight. (SInv)
Armour fits poorly on your strangely shaped body.
Your system is resistant to poisons. (rPois)
You cover ground very slowly.
You can spit poison.
You have a snake-like lower body.


Message History

Confirm with . or Enter, or press ? or * to list all spells.
Aiming: Searing Ray (safe; 8% risk of failure)
Press: ? - help, Shift-Dir - straight line, f - wight
Aim: a wight, wielding a +0 flail and wearing a +0 robe (76% to hit)
The searing ray hits the jackal!
You kill the jackal!
The searing ray hits the wight.
The wight is moderately damaged. (Press . to maintain the ray.)
Your Hexes skill increases to level 3!
The searing ray hits the wight.
The wight is heavily damaged.
The wight hits you with a +0 flail!
You feel drained.
The searing ray hits the wight.
The wight is almost destroyed.
The searing ray misses the wight.
The hound skeleton bites you but does no damage.
The wight hits you with a +0 flail!
You feel drained. The hound skeleton bites you.
Unknown command.
The searing ray hits the wight.
You destroy the wight!
The searing ray hits the wight.
The wight is moderately damaged.
You finish channeling your searing ray.
The hound skeleton bites you.
Unknown command.
You sock the hound skeleton! You burn the hound skeleton.
The hound skeleton is almost destroyed.
The hound skeleton bites you. The wight hits you with a +0 mace.
* * * LOW HITPOINT WARNING * * *
You feel drained. The hound skeleton bites you.
* * * LOW HITPOINT WARNING * * *
The wight hits you with a +0 mace!
* * * LOW HITPOINT WARNING * * *
It was a potion of brilliance.
You feel clever all of a sudden. The hound skeleton bites you.
* * * LOW HITPOINT WARNING * * *
The wight hits you with a +0 mace.
You die...

..# ###
#####..#.........#
..##....# ##..
#..#.........#
......... #...
#..#.........#
......... #...
#..#.........#
......... #...
#..#.........#
......... #...
#.(#.........#
.###....# #..
#..#.........# .#
#####
##.Z##..#.........#
..
#...@z..#.........#
.
#....#..#.........#
######..#.........#
#..#.........#
...#.........#
...#.........#
...#.........#
..#.........#
#...(.....#


You could see a wight and a hound skeleton.

Vanquished Creatures
  A wight (D:4)
  2 hounds
  An orc priest (D:3)
  Jessica (D:2)
  A hound skeleton (D:4)
  5 adders
  4 orcs (D:3)
  5 endoplasms
  3 giant cockroaches
  8 goblins
  6 hobgoblins
  2 jackals (D:4)
  7 kobolds
  4 quokkas
  13 ball pythons
  4 bats
  3 frilled lizards
  4 rats
74 creatures vanquished.

Notes
Turn   | Place    | Note
-------+----------+-------------------------------------------
     0 | D:1      | MajorAdolf the Naga Wanderer began the quest for the Orb.
     0 | D:1      | MajorAdolf set off with the following items: a +0 shortbow,
                  | a +2 scale mail, 27 arrows, a scroll of teleportation
     0 | D:1      | Reached XP level 1. HP: 15/15 MP: 1/1
   244 | D:1      | Found a faded altar of an unknown god.
   453 | D:1      | Reached skill level 1 in Fighting
   453 | D:1      | Reached XP level 2. HP: 25/25 MP: 2/2
   889 | D:1      | Got the Grimoire of the Snowflakes and Bewitchment
  1274 | D:2      | Reached XP level 3. HP: 31/31 MP: 3/3
  1282 | D:2      | Reached skill level 1 in Conjurations
  1282 | D:2      | Reached skill level 1 in Hexes
  1341 | D:2      | Noticed Jessica
  1344 | D:2      | Killed Jessica
  1345 | D:2      | Reached skill level 1 in Spellcasting
  1345 | D:2      | Reached XP level 4. HP: 38/38 MP: 5/5
  1744 | D:2      | You fall into a shaft and drop 2 floors!
  1751 | D:4      | Noticed an ogre
  1897 | D:3      | Learned a level 4 spell: Fulminant Prism
  1980 | D:3      | HP: 1/38 [orc priest/nerve-wracking pain (9)]
  1983 | D:3      | Reached XP level 5. HP: 2/44 MP: 7/7
  2434 | D:3      | You fall into a shaft and drop 1 floor!
  2500 | D:4      | Noticed an ogre
  3170 | D:2      | Reached XP level 6. HP: 49/51 MP: 9/9
  3930 | D:4      | Learned a level 2 spell: Searing Ray
  4007 | D:4      | Identified the +7 morningstar "Reari" {flame, rF+ Will+
                  | Int+4}
  4045 | D:4      | HP: 2/49 [hound skeleton (3)]
  4045 | D:4      | Slain by a wight

Illustrated notes

Levels and vault maps discovered:
D:1:      minmay_arrival_loop, layout_loops_corners,
          shapermc_ecumenical_altar_venn
D:2:      minmay_chambers_of_ones, layout_loops_ring, uniq_jessica
D:3:      layout_basic, kennysheep_generic_room_15
D:4:      layout_gridville, minitemple

Skill      XL: |  1  2  3  4  5  6 |
---------------+-------------------+-----
Fighting       | 1 |  1.0
Conjurations   | 1 2 3 |  3.1
Hexes          | 1 2 3 |  3.1
Spellcasting   | 1 2 |  2.7
Axes           | |  3.0
Bows           | |  1.7
Throwing       | |  1.0
Armour         | |  2.6
Stealth        | |  1.5

Action                   |  1- 3 |  4- 6 || total
-------------------------+-------+-------++-------
Melee: Dagger            |       |    49 ||    49
       Whip              |       |    75 ||    75
       Morningstar       |       |     1 ||     1
 Fire: Shortbow          |    67 |    50 ||   117
 Cast: Searing Ray       |       |     3 ||     3
 Abil: Spit Poison       |     7 |    15 ||    22
  Use: Scroll            |       |     1 ||     1
       Potion            |       |     1 ||     1
Armor: Scale mail        |    19 |    99 ||   118
       Robe              |       |     2 ||     2
Dodge: Dodged            |     7 |    58 ||    65
